[Event "*** SCC Grand Prix: Titled Tuesday Blitz"]
[Site "Chess.com"]
[Date "2020.09.29"]
[Round "7"]
[White "Rakesh"]
[Black "keepitcool9499"]
[Result "1-0"]
[WhiteElo "2443"]
[BlackElo "2604"]
[TimeControl "180+1"]
[EndTime "11:14:08 PDT"]
[Termination "Rakesh won by resignation"]

1. e4 e6 2. d4 d5 3. Bd3 dxe4 4. Bxe4 Nf6 5. Bf3 c5 6. Ne2 cxd4 7. Nxd4 Bc5 8. Be3 O-O 9. O-O Nd5 10. Nxe6 Nxe3 11.
Qxd8 Rxd8 12. Nxd8 Nxf1 13. Kxf1 Nd7 14. Nc3 Kf8 15. Rd1 Ne5 16. Bxb7 Bxb7 17. Nxb7 Bb4 18.
Nd5 Be7 19. Nxe7 Kxe7 20. Nc5 Rc8 21. b4 a5 22. a3 axb4 23. axb4 Nc4 24. Rd7+ Kf6 25.
Ke2 Re8+ 26. Kd1 Nb2+ 27. Kd2 Nc4+ 28. Kc3 Ne5 29. Rd6+ Ke7 30. Rd5 Kf6 31. b5 Rb8 32. Rxe5 Rxb5 33. Nd7+ 1-0

[Event "*** SCC Grand Prix: Titled Tuesday Blitz"]
[Site "Chess.com"]
[Date "2020.09.29"]
[Round "7"]
[White "markberk"]
[Black "Gusarov91"]
[Result "1/2-1/2"]
[WhiteElo "2394"]
[BlackElo "2579"]
[TimeControl "180+1"]
[EndTime "11:14:09 PDT"]
[Termination "Game drawn by agreement"]

1. Nf3 c6 2. g3 d5 3. Bg2 Nf6 4. c4 a6 5. O-O g6 6. cxd5 cxd5 7.
d4 Nc6 8. Nc3 Bg7 9. Ne5 O-O 10.
Nxc6 bxc6 11. Bf4 Nh5 12. Be3 e5 13. dxe5 Bxe5 14. Bd4 Re8 15. Rc1 Bd7 16. Bxe5 Rxe5 17. e4 dxe4 18. Nxe4 Be8 19. Qd6 Qxd6 20. Nxd6 Re2 21.
Nxe8 Raxe8 22. Bxc6 Rb8 23. Bd5 Nf6 24. Bb3 Rxb2 25. Rc6 Ne4 26. Rxa6 Nc5 27. Ra7 Nxb3 28. axb3 R8xb3 29. Kg2 Rb1 30. Rxb1 Rxb1 31. h4 Kg7 32. Rc7 Rb4 33. Rc6 Rb7 34. Rd6 Re7 35. Ra6 h6 36. Rb6 g5 37. hxg5 hxg5 38. Ra6 f6 39.
Rb6 Kg6 40. g4 Ra7 41. Kg3 Ra3+ 42. f3 Ra1 43. Rc6 Rg1+ 44. Kf2 Rh1 45. Kg3 Rd1 46. Kf2 Ra1 47. Kg3 Ra7 48. Kg2 Re7 49. Kg3 Kf7 50.
Kg2 Re6 51. Rxe6 Kxe6 52. Kf2 Kd5 53. Ke3 Ke5 54. f4+ gxf4+ 55. Kf3 Ke6 1/2-1/2

[Event "*** SCC Grand Prix: Titled Tuesday Blitz"]
[Site "Chess.com"]
[Date "2020.09.29"]
[Round "7"]
[White "Shield12"]
[Black "Bigfish1995"]
[Result "0-1"]
[WhiteElo "2862"]
[BlackElo "3107"]
[TimeControl "180+1"]
[EndTime "11:14:11 PDT"]
[Termination "Bigfish1995 won by checkmate"]

1. e4 c5 2. Nf3 d6 3. Bb5+ Nd7 4.
Ba4 a6 5. c4 e5 6. O-O Ne7 7. Nc3 Nc6 8. a3 Nb6 9. d3 Nxa4 10.
Qxa4 Bg4 11. Ne1 Bd7 12. Qd1 g5 13. Qh5 h6 14. Nc2 Bg7 15. h4 Kf8 16. Nd5 f6 17. Qf3 Kg8 18. b4 f5 19. bxc5 g4 20. Qd1 f4 21.
cxd6 Qxh4 22. Ne1 Nd4 23. Nxf4 exf4 24. Bxf4 Rf8 25. Bg3 Qg5 26. Rb1 Ba4 27. Qxa4 Ne2+ 28. Kh1 Nxg3+ 29. fxg3 Rxf1+ 30. Kh2 Qh5# 0-1

[Event "*** SCC Grand Prix: Titled Tuesday Blitz"]
[Site "Chess.com"]
[Date "2020.09.29"]
[Round "7"]
[White "mishanick"]
[Black "GM_Levan_Pantsulaia"]
[Result "1-0"]
[WhiteElo "3008"]
[BlackElo "2840"]
[TimeControl "180+1"]
[EndTime "11:14:13 PDT"]
[Termination "mishanick won by resignation"]

1. d4 Nf6 2. c4 c5 3. d5 g6 4. Nc3 Bg7 5. e4 O-O 6. Nf3 e6 7. Be2 exd5 8. cxd5 d6 9. Be3 a6 10. a4 Bg4 11. Nd2 Bxe2 12. Qxe2 Nbd7 13. O-O Re8 14. Bf4 Bf8 15. h3 Nh5 16. Bh2 Ne5 17.
f4 Nd7 18. Rae1 f5 19. e5 Rb8 20. Nf3 Bh6 21. Nd2 b5 22. axb5 axb5 23. Nxb5 dxe5 24. fxe5 Bxd2 25. Qxd2 Rxb5 26. e6 Nb6 27. d6 Nc4 28.
Qd5 Nxd6 29. e7+ Nf7 30. exd8=Q Rxd8 31. Qc6 Rb3 32. Re8+ 1-0

[Event "*** SCC Grand Prix: Titled Tuesday Blitz"]
[Site "Chess.com"]
[Date "2020.09.29"]
[Round "7"]
[White "valeriocarnicelli"]
[Black "Konavets"]
[Result "0-1"]
[WhiteElo "2546"]
[BlackElo "2971"]
[TimeControl "180+1"]
[EndTime "11:14:13 PDT"]
[Termination "Konavets won by resignation"]

1. e4 c6 2. Nc3 d5 3. Nf3 Nf6 4. e5 Ne4 5. d4 Bf5 6. Ne2 e6 7. Ng3 Bg6 8. Bd3 c5 9. O-O Nc6 10.
Re1 Nxg3 11. fxg3 cxd4 12. a3 Rc8 13. b4 Be7 14. Kh1 O-O 15. Bb2 Qb6 16. h3 a6 17.
Re2 Bxd3 18. Qxd3 Qb5 19. Qxb5 axb5 20. Nxd4 Nxd4 21. Bxd4 Ra8 22. c3 Ra6 23. Kg1 Rfa8 24. Rea2 f6 25. Kf2 Kf7 26. Ke3 Ke8 27. g4 Kd7 28.
Kd3 fxe5 29. Bxe5 Bf6 30. Kd4 Rc8 31. Re1 Rc4+ 32. Kd3 Rac6 33. Rc2 Bxe5 34. Rxe5 Kd6 35. Ree2 e5 36. Rf2 e4+ 37. Kd2 d4 38. Rf7 Rxc3 39.
Rxc3 Rxc3 40. Rxb7 e3+ 41. Ke2 Rc2+ 42. Kf3 Rf2+ 43. Kg3 Rf8 44. Rb6+ Kd5 45. Rxb5+ Ke4 46. Rb7 e2 47. Re7+ Kd3 48. b5 Kd2 49. a4 e1=Q+ 0-1

[Event "*** SCC Grand Prix: Titled Tuesday Blitz"]
[Site "Chess.com"]
[Date "2020.09.29"]
[Round "7"]
[White "PawnEatingZombie"]
[Black "teacher4chess"]
[Result "1-0"]
[WhiteElo "2203"]
[BlackElo "1997"]
[TimeControl "180+1"]
[EndTime "11:14:20 PDT"]
[Termination "PawnEatingZombie won by checkmate"]

1. d4 Nf6 2. c4 e6 3. Nc3 d5 4. cxd5 exd5 5. Bg5 Be7 6. e3 c6 7.
Bd3 Bg4 8. Qb3 Qb6 9. Qc2 Bh5 10. Nge2 Bg6 11. O-O Bxd3 12. Qxd3 O-O 13. f3 Nbd7 14. Kh1 Rad8 15. e4 dxe4 16. fxe4 Ne5 17. Qc2 Nc4 18.
b3 Na3 19. Qd3 Rfe8 20. e5 Nd5 21. Bxe7 Rxe7 22. Ne4 Nb4 23. Qg3 Nac2 24. Nf6+ Kf8 25.
Nxh7+ Ke8 26. Qxg7 Nxa1 27. Nf6# 1-0

[Event "*** SCC Grand Prix: Titled Tuesday Blitz"]
[Site "Chess.com"]
[Date "2020.09.29"]
[Round "7"]
[White "NotFischer"]
[Black "GelmanAlexander"]
[Result "0-1"]
[WhiteElo "2301"]
[BlackElo "2539"]
[TimeControl "180+1"]
[EndTime "11:14:21 PDT"]
[Termination "GelmanAlexander won by resignation"]

1. e4 c5 2. Nc3 e6 3. g3 Nc6 4. Bg2 Nf6 5. d3 Be7 6. Nge2 d6 7. O-O Rb8 8. h3 b5 9. a3 a5 10. a4 b4 11. Nb5 Ba6 12. c4 bxc3 13. bxc3 O-O 14.
Rb1 d5 15. exd5 Nxd5 16. Nf4 Bxb5 17. Nxd5 Ba6 18. Nxe7+ Nxe7 19. Bf4 Rxb1 20. Qxb1 Bxd3 21. Qb7 Bxf1 22. Bxf1 Nd5 23. Bd2 Qb6 24. Qxb6 Nxb6 25. Bb5 Rd8 26. Be3 Rd1+ 27. Kg2 Ra1 28. Bxc5 Nxa4 29. Bd4 f6 30. c4 Ra2 31. c5 e5 32.
Bc4+ Kf8 33. Bxa2 exd4 34. c6 Ke7 35. Kf3 Kd6 36. Ke4 Nc3+ 0-1

[Event "*** SCC Grand Prix: Titled Tuesday Blitz"]
[Site "Chess.com"]
[Date "2020.09.29"]
[Round "7"]
[White "vugarrasulov"]
[Black "wonderfultime"]
[Result "0-1"]
[WhiteElo "2798"]
[BlackElo "2922"]
[TimeControl "180+1"]
[EndTime "11:14:23 PDT"]
[Termination "wonderfultime won by resignation"]

1. e4 c5 2. Nf3 Nf6 3. Nc3 d5 4. Bb5+ Bd7 5. Bxd7+ Qxd7 6. e5 Ng8 7. O-O e6 8. d3 Nc6 9. Re1 Nge7 10. Ne2 Ng6 11.
Ng3 h5 12. h4 Be7 13. Bg5 Bxg5 14. Nxg5 Nxh4 15. c4 Ng6 16. cxd5 Qxd5 17. Rc1 b6 18. Nxh5 Kf8 19. Re3 Ncxe5 20. Rh3 Rd8 21. Nf4 Nxf4 22. Rxh8+ Ke7 23. Rh2 Nexd3 24. Nxf7 Nxc1 0-1

[Event "*** SCC Grand Prix: Titled Tuesday Blitz"]
[Site "Chess.com"]
[Date "2020.09.29"]
[Round "7"]
[White "AliKa2810"]
[Black "CM_rui"]
[Result "1-0"]
[WhiteElo "2551"]
[BlackElo "2393"]
[TimeControl "180+1"]
[EndTime "11:14:26 PDT"]
[Termination "AliKa2810 won by resignation"]

1. d4 Nf6 2. c4 e6 3. Nf3 Bb4+ 4.
Nbd2 O-O 5. a3 Bxd2+ 6. Qxd2 d6 7. e3 Nbd7 8. Be2 a5 9. b3 Qe7 10. O-O e5 11. Bb2 b6 12. Qc2 Bb7 13. d5 Nc5 14.
Nd2 Ne8 15. b4 Nd7 16. Bd3 g6 17. f4 axb4 18. axb4 Rxa1 19. Bxa1 f5 20. e4 fxe4 21. Nxe4 exf4 22. Be2 Ne5 23. Qc3 Ng7 24. Bb2 Bc8 25.
c5 bxc5 26. bxc5 dxc5 27. Qxe5 Qf7 28. Ng5 Qd7 29. Bg4 Rf5 30. Bxf5 gxf5 31. Ne6 Nxe6 32. dxe6 1-0

[Event "*** SCC Grand Prix: Titled Tuesday Blitz"]
[Site "Chess.com"]
[Date "2020.09.29"]
[Round "7"]
[White "Chessmatus"]
[Black "Roza_Idrisova"]
[Result "0-1"]
[WhiteElo "2313"]
[BlackElo "2149"]
[TimeControl "180+1"]
[EndTime "11:14:26 PDT"]
[Termination "Roza_Idrisova won by resignation"]

1. e4 c6 2. d4 d5 3. e5 c5 4. dxc5 e6 5. Nf3 Bxc5 6. a3 Ne7 7. Bd3 a6 8. O-O Nbc6 9. b4 Bb6 10. Bb2 Bd7 11.
Nbd2 Ng6 12. c4 Nf4 13. Nb3 Nxd3 14. Qxd3 dxc4 15. Qxc4 Ne7 16. Rad1 Nd5 17. Qg4 g6 18. Rfe1 Qe7 19. Qg3 Ba4 20. Rxd5 exd5 21. e6 O-O 22. exf7+ Qxf7 23. Qe5 d4 24. Nbxd4 Bc7 25. Qg5 Rae8 26. Rxe8 Rxe8 27. h4 Bf4 28. Qg4 Bd7 0-1

[Event "*** SCC Grand Prix: Titled Tuesday Blitz"]
[Site "Chess.com"]
[Date "2020.09.29"]
[Round "7"]
[White "almo64"]
[Black "crazy_but_lazy"]
[Result "1-0"]
[WhiteElo "2713"]
[BlackElo "2540"]
[TimeControl "180+1"]
[EndTime "11:14:27 PDT"]
[Termination "almo64 won by resignation"]

1. e4 c6 2. Nf3 d5 3. Nc3 Bg4 4. h3 Bxf3 5. gxf3 e6 6. d4 Bb4 7. a3 Ba5 8. b4 Bb6 9. Na4 Bc7 10. Be3 Qh4 11. Qd2 dxe4 12. Nc5 exf3 13. Rg1 Nf6 14. Rxg7 Nd5 15. Bg5 Qh5 16. c4 Ne7 17. Nxe6 Bh2 18. Qe3 Bd6 19. Nf4 Qxg5 20. Rxg5 Nd7 21. O-O-O O-O-O 22. c5 Bxf4 23. Qxf4 Ng6 24. Qxf3 Rhe8 25. b5 Nb8 26. Qxf7 1-0

[Event "*** SCC Grand Prix: Titled Tuesday Blitz"]
[Site "Chess.com"]
[Date "2020.09.29"]
[Round "7"]
[White "blitzking1729"]
[Black "SophieNikoladze"]
[Result "1-0"]
[WhiteElo "2547"]
[BlackElo "2302"]
[TimeControl "180+1"]
[EndTime "11:14:30 PDT"]
[Termination "blitzking1729 won by resignation"]

1. d4 b5 2. e3 a6 3. Nf3 Bb7 4.
Be2 e6 5. O-O c5 6. Nbd2 Nf6 7. a4 Qb6 8. axb5 axb5 9. Rxa8 Bxa8 10. dxc5 Bxc5 11. Nb3 Be7 12. Qd4 Qc6 13. Na5 Qxc2 14.
Bd2 O-O 15. Rc1 Qf5 16. Bb4 Bxb4 17. Qxb4 Nc6 18. Nxc6 Bxc6 19. Nd4 Nd5 20. Qxf8+ Kxf8 21. Nxf5 exf5 22. Bf3 Ke7 23. Bxd5 Bxd5 24. Rc5 Bc6 25. Rxf5 Ke6 26. Rc5 Kd6 27. b4 Ke6 28. f3 f6 29.
e4 Kd6 30. Kf2 Ke6 31. Ke3 Kd6 32. Kd4 Ke6 33. f4 Kd6 34. g4 Ke6 35. g5 fxg5 36.
Rxg5 Kf6 37. Rc5 Ke6 38. Ke3 Kf6 39. f5 Kg5 40. Rc1 g6 41. Rg1+ Kf6 42. Kf4 d5 43. e5+ Kf7 44. Rc1 1-0

[Event "*** SCC Grand Prix: Titled Tuesday Blitz"]
[Site "Chess.com"]
[Date "2020.09.29"]
[Round "7"]
[White "Brave_spirit12"]
[Black "northridgehawk"]
[Result "1-0"]
[WhiteElo "2451"]
[BlackElo "2322"]
[TimeControl "180+1"]
[EndTime "11:14:30 PDT"]
[Termination "Brave_spirit12 won by resignation"]

1. e4 e5 2. Nf3 Nc6 3. Bc4 Nf6 4. O-O Bc5 5. d4 exd4 6. e5 d5 7. Bb5 Ne4 8. Nxd4 Bd7 9. Be3 Qe7 10. Bxc6 bxc6 11. Re1 O-O 12. Nf3 Bb6 13. h3 f6 14.
exf6 Qxf6 15. Nbd2 Nxd2 16. Qxd2 Qxb2 17. Bxb6 axb6 18.
Ne5 Be8 19. Qg5 Rxa2 20. Rxa2 Qxa2 21. Ng4 Bg6 22. Re7 Qxc2 23. Rxc7 Qf5 24. Qe7 Bf7 25. Rxc6 d4 26. Rd6 d3 27. Rd8 Be8 28. Rxe8 d2 29.
Rxf8+ Qxf8 30. Qxf8+ Kxf8 31. Ne3 b5 32. Kf1 b4 33.
Ke2 b3 34. Kxd2 b2 35. Kc2 Ke7 36. Kxb2 Ke6 37. Kc2 Ke5 38. Kd2 1-0

[Event "*** SCC Grand Prix: Titled Tuesday Blitz"]
[Site "Chess.com"]
[Date "2020.09.29"]
[Round "7"]
[White "Reader777"]
[Black "AvitalBor"]
[Result "1-0"]
[WhiteElo "2666"]
[BlackElo "2768"]
[TimeControl "180+1"]
[EndTime "11:14:35 PDT"]
[Termination "Reader777 won on time"]

1. d4 Nf6 2. c4 e6 3. g3 d5 4.
Bg2 dxc4 5. Nf3 Nc6 6. O-O Rb8 7. Nc3 b5 8. Ne5 Nxe5 9. dxe5 Nd7 10. Qd4 Bb7 11. Bxb7 Rxb7 12. Rd1 Qc8 13. a4 b4 14.
Ne4 Be7 15. Bf4 Nb6 16. a5 Nd5 17. Qxc4 O-O 18. Rac1 Qa8 19. Bg5 Bxg5 20. Nxg5 h6 21. Ne4 a6 22. Nc5 Rb5 23. e4 Ne7 24. Nxe6 fxe6 25. Qxe6+ Rf7 26. Rxc7 Qf8 27. Rdd7 Kh7 28. Rxe7 Rxe7 29. Rxe7 Rxa5 30. Rf7 Qa8 31. Qf5+ Kg8 32. Qg6 1-0

[Event "*** SCC Grand Prix: Titled Tuesday Blitz"]
[Site "Chess.com"]
[Date "2020.09.29"]
[Round "7"]
[White "shineatchess"]
[Black "shriyanasmallya"]
[Result "1-0"]
[WhiteElo "2209"]
[BlackElo "1599"]
[TimeControl "180+1"]
[EndTime "11:14:36 PDT"]
[Termination "shineatchess won by resignation"]

1. e4 e5 2. Nf3 Nc6 3. Nc3 Bc5 4.
Bb5 Nf6 5. Nxe5 Bxf2+ 6. Kxf2 Nxe5 7. d4 Neg4+ 8. Kg1 c6 9. Be2 d5 10. e5 Ne4 11. Bxg4 Qh4 12. Nxe4 Bxg4 13. Nd6+ Kd7 14.
Qf1 Be6 15. c3 f6 16. Qf2 Qxf2+ 17. Kxf2 fxe5 18. dxe5 Rhf8+ 19. Kg3 b6 20. Be3 c5 21. Rhf1 h6 22. a4 g5 23. a5 Rab8 24. axb6 axb6 25. Ra7+ Kc6 26. Rfa1 h5 27. h3 h4+ 28. Kh2 d4 29.
cxd4 cxd4 30. Bxd4 Rf4 31. Rc1+ Kd5 32. Bc3 Rf2 33.
Rd1+ Kc5 34. Ne4+ 1-0

[Event "*** SCC Grand Prix: Titled Tuesday Blitz"]
[Site "Chess.com"]
[Date "2020.09.29"]
[Round "7"]
[White "GiantThresher"]
[Black "manitodeplomo"]
[Result "1-0"]
[WhiteElo "2766"]
[BlackElo "2585"]
[TimeControl "180+1"]
[EndTime "11:14:40 PDT"]
[Termination "GiantThresher won by resignation"]

1. e4 e5 2. Nf3 Nc6 3. Bb5 Nf6 4.
d3 d6 5. O-O Be7 6. h3 O-O 7.
c4 Be6 8. Nc3 Nd7 9. Be3 f5 10.
exf5 Bxf5 11. d4 exd4 12. Nxd4 Nxd4 13. Bxd4 c6 14. Ba4 Bf6 15. Bxf6 Qxf6 16. Bc2 Bxc2 17. Qxc2 Ne5 18. Ne4 Qg6 19. f4 Nxc4 20. f5 Qf7 21. Qd3 d5 22. Ng5 Qf6 23. Ne6 Rf7 24. b3 Nd6 25. g4 Re8 26. Rae1 Ne4 27. Rxe4 dxe4 28. Qxe4 Rfe7 29. Re1 h6 30. Kg2 Kf7 31. Qc4 Rxe6 32.
fxe6+ Kf8 33. Rf1 1-0

[Event "*** SCC Grand Prix: Titled Tuesday Blitz"]
[Site "Chess.com"]
[Date "2020.09.29"]
[Round "7"]
[White "xberli"]
[Black "Oligan22"]
[Result "0-1"]
[WhiteElo "2593"]
[BlackElo "2431"]
[TimeControl "180+1"]
[EndTime "11:14:40 PDT"]
[Termination "Oligan22 won on time"]

1. e4 c6 2. d4 d5 3. e5 Bf5 4. Nf3 e6 5. Be2 Ne7 6. O-O Nd7 7. Nbd2 Bg6 8. Nb3 Nf5 9. Bd2 Be7 10. Qe1 O-O 11.
Bb4 Rc8 12. Bxe7 Qxe7 13. a3 c5 14. c3 c4 15. Nbd2 b5 16. Kh1 a5 17. Bd1 b4 18.
axb4 axb4 19. Ng1 Ra8 20. Ba4 Nb6 21. Bc6 Rxa1 22. Qxa1 Qc7 23. Bb5 Ra8 24. Qd1 Ra5 25. f4 Ne3 26. Qe1 Nxf1 27. Nxf1 bxc3 28. Be8 cxb2 29.
Qxa5 b1=Q 30. Bb5 Qxf1 31. Qa6 Be4 0-1

[Event "*** SCC Grand Prix: Titled Tuesday Blitz"]
[Site "Chess.com"]
[Date "2020.09.29"]
[Round "7"]
[White "Sanan_Sjugirov"]
[Black "KingHarii"]
[Result "0-1"]
[WhiteElo "2833"]
[BlackElo "2719"]
[TimeControl "180+1"]
[EndTime "11:14:43 PDT"]
[Termination "KingHarii won by resignation"]

1. d4 Nf6 2. c4 e6 3. Nf3 Bb4+ 4. Nbd2 O-O 5. e3 d6 6. Bd3 Qe7 7. O-O e5 8. Be2 e4 9. Ne1 c6 10. Nb3 Bxe1 11. Rxe1 d5 12. Bd2 Be6 13. a3 Rc8 14.
Rc1 Nbd7 15. Bb4 Qe8 16. Na5 b6 17. Nb7 c5 18. Nd6 Qf8 19. dxc5 bxc5 20. Nxc8 cxb4 21. cxd5 Nxd5 22. Ba6 Nc5 23. Bc4 Rxc8 24. Qd4 Nf6 25. axb4 Nd3 26. Bxd3 Rd8 27. Qxa7 exd3 28. Red1 Bb3 0-1

[Event "*** SCC Grand Prix: Titled Tuesday Blitz"]
[Site "Chess.com"]
[Date "2020.09.29"]
[Round "7"]
[White "esrosenberg"]
[Black "Kaslask"]
[Result "1-0"]
[WhiteElo "2222"]
[BlackElo "2339"]
[TimeControl "180+1"]
[EndTime "11:14:43 PDT"]
[Termination "esrosenberg won by checkmate"]

1. Nf3 Nf6 2. c4 g6 3. Nc3 Bg7 4. e4 d6 5. d4 O-O 6. h3 e5 7. dxe5 dxe5 8. Qxd8 Rxd8 9. Bg5 Rf8 10. Nd5 Nxd5 11. cxd5 f6 12. Be3 c6 13. Bc4 Kh8 14.
Rc1 b5 15. Bb3 Bb7 16. O-O Rc8 17. Rfd1 Bf8 18. dxc6 Nxc6 19. Rd7 Na5 20. Rxc8 Rxc8 21. Be6 Re8 22. Bd5 Bxd5 23. exd5 a6 24. b3 Bb4 25.
Bh6 Bc3 26. Bg7+ Kg8 27. Bxf6 b4 28. Ng5 e4 29. Rg7+ Kf8 30. Nxh7# 1-0

[Event "*** SCC Grand Prix: Titled Tuesday Blitz"]
[Site "Chess.com"]
[Date "2020.09.29"]
[Round "7"]
[White "stefy02"]
[Black "mamey78"]
[Result "0-1"]
[WhiteElo "2263"]
[BlackElo "2413"]
[TimeControl "180+1"]
[EndTime "11:14:44 PDT"]
[Termination "mamey78 won by resignation"]

1. e4 e5 2. Nf3 Nc6 3. Bb5 a6 4. Ba4 Nf6 5. O-O b5 6. Bb3 Be7 7. Re1 O-O 8. h3 Bb7 9. c3 d5 10. exd5 Nxd5 11. d3 Qd7 12. Nxe5 Nxe5 13. Rxe5 Rad8 14.
Qg4 f5 15. Qe2 Bf6 16. Re6 Kh8 17. Na3 b4 18. cxb4 Nxb4 19. Nc4 Nxd3 20. Na5 Be4 21.
Be3 Nxb2 22. Rc1 Ba8 23. Rxa6 Nd3 24. Rd1 f4 25. Bc1 f3 26. Qxf3 Bxf3 0-1

[Event "*** SCC Grand Prix: Titled Tuesday Blitz"]
[Site "Chess.com"]
[Date "2020.09.29"]
[Round "7"]
[White "Pultis"]
[Black "exoticprincess"]
[Result "1-0"]
[WhiteElo "2757"]
[BlackElo "2887"]
[TimeControl "180+1"]
[EndTime "11:14:46 PDT"]
[Termination "Pultis won by resignation"]

1. Nf3 c6 2. c4 d5 3. e3 Nf6 4. b3 Bg4 5. h3 Bxf3 6. Qxf3 e6 7. Bb2 Nbd7 8. Nc3 g6 9. d4 Bg7 10. Qd1 O-O 11. Be2 Re8 12. O-O a6 13. Qd2 Rc8 14.
Rfd1 Qe7 15. Rac1 h5 16. Rc2 h4 17. Qc1 Red8 18. Ba3 Qe8 19. Bf3 Bf8 20. Bb2 Bh6 21.
Re2 Nb6 22. Nb1 Nbd7 23. Nd2 Bg7 24. Qa1 a5 25. Rde1 a4 26. e4 axb3 27. exd5 cxd5 28. cxd5 Nf8 29. dxe6 Nxe6 30. d5 Nxd5 31. Bxg7 Ndf4 32.
Bh6 Nxe2+ 33. Rxe2 Rc2 34. axb3 Rdc8 35. Ne4 Qd8 36. Nf6+ Kh8 37. Rxe6 fxe6 38. Nd5+ R8c3 39. Nxc3 Qd4 40. Be3 1-0

[Event "*** SCC Grand Prix: Titled Tuesday Blitz"]
[Site "Chess.com"]
[Date "2020.09.29"]
[Round "7"]
[White "Piotrek1979"]
[Black "josorio78"]
[Result "1-0"]
[WhiteElo "2461"]
[BlackElo "2328"]
[TimeControl "180+1"]
[EndTime "11:14:46 PDT"]
[Termination "Piotrek1979 won by resignation"]

1. Nf3 Nf6 2. g3 g6 3. b3 Bg7 4.
Bb2 d6 5. Bg2 O-O 6. c4 e5 7. d3 c6 8. O-O Re8 9. Nbd2 a6 10. Qc2 Nbd7 11. e4 b5 12. cxb5 cxb5 13. Rfc1 Bb7 14. Qc7 Qxc7 15. Rxc7 Rab8 16. Rac1 Rec8 17.
Bh3 Rd8 18. b4 Nb6 19. Ng5 Rf8 20. Nxf7 Ne8 21. Be6 Nxc7 22. Rxc7 Bc8 23. Bb3 d5 24. Bxe5 Bxe5 25. Nxe5 Be6 26. Nc6 Rbe8 27. Rb7 Na4 28. exd5 Bf7 29. Ne4 Nb2 30. Nf6+ Kg7 31. Nxe8+ Rxe8 32. d6 Re1+ 33. Kg2 1-0

[Event "*** SCC Grand Prix: Titled Tuesday Blitz"]
[Site "Chess.com"]
[Date "2020.09.29"]
[Round "7"]
[White "denispopov"]
[Black "davigator"]
[Result "1/2-1/2"]
[WhiteElo "1986"]
[BlackElo "2353"]
[TimeControl "180+1"]
[EndTime "11:14:46 PDT"]
[Termination "Game drawn by repetition"]

1. e4 c5 2. Nc3 Nc6 3. Bb5 Nd4 4. Nf3 e6 5. Nxd4 cxd4 6. Ne2 Qb6 7. Bd3 Ne7 8. O-O d5 9. c3 dxc3 10. dxc3 dxe4 11.
Bxe4 Nc6 12. Qc2 h6 13. Be3 Bc5 14. Bxc5 Qxc5 15. Rad1 O-O 16. Nd4 Bd7 17. Nb3 Qe7 18.
Nc5 Bc8 19. Bxc6 bxc6 20. b4 a5 21. a3 e5 22. Qe4 axb4 23. axb4 Ra3 24. Rc1 Qc7 25.
Rfe1 f6 26. Qc4+ Kh8 27. Ra1 Rxa1 28. Rxa1 Bf5 29. h3 Rd8 30. Qb3 Kh7 31. Rd1 Ra8 32. g4 Bc8 33. Qc2+ Kg8 34. Qb3+ Kh7 35. Qc2+ Kg8 36.
Qg6 Qe7 37. Qe4 Qc7 38. Qg6 Qe7 39. Qe4 Qc7 40. Qg6 1/2-1/2

[Event "*** SCC Grand Prix: Titled Tuesday Blitz"]
[Site "Chess.com"]
[Date "2020.09.29"]
[Round "7"]
[White "PauloCesarCosta_sad"]
[Black "MatyChess1"]
[Result "0-1"]
[WhiteElo "2296"]
[BlackElo "2493"]
[TimeControl "180+1"]
[EndTime "11:14:51 PDT"]
[Termination "MatyChess1 won on time"]

1. Nf3 Nf6 2. c4 e6 3. d4 d5 4. Nc3 Bb4 5. e3 O-O 6. a3 Bxc3+ 7. bxc3 c6 8. Bd3 b6 9. O-O Ba6 10. cxd5 cxd5 11. Qe2 Bxd3 12. Qxd3 Qc7 13. Ne5 Rc8 14.
Bd2 Nc6 15. Nxc6 Qxc6 16. Rfc1 Qc4 17. Qxc4 Rxc4 18. f3 Ra4 19. Kf2 Ne8 20. Rcb1 Nd6 21. Rb4 Rxb4 22. axb4 a5 23. bxa5 bxa5 24. Ra4 Nc4 25.
Ke2 Nb6 26. Ra1 a4 27. Bc1 Nc4 28. e4 Kf8 29. Kd3 Ke7 30. Ba3+ Kd7 31. Bb4 Kc6 32. Ra2 Kb5 33. Ba3 h5 34. h3 g5 35.
Ra1 Kc6 36. Ra2 f5 37. e5 Rg8 38. Bc5 Kb5 39. Ra1 g4 40. Rb1+ Kc6 41. hxg4 hxg4 42. Ra1 gxf3 43. gxf3 Rg2 44. Rd1 f4 0-1

[Event "*** SCC Grand Prix: Titled Tuesday Blitz"]
[Site "Chess.com"]
[Date "2020.09.29"]
[Round "7"]
[White "Witik"]
[Black "SharapovEvgeny"]
[Result "1-0"]
[WhiteElo "2674"]
[BlackElo "2477"]
[TimeControl "180+1"]
[EndTime "11:14:52 PDT"]
[Termination "Witik won by resignation"]

1. d4 d5 2. Bf4 Nf6 3. e3 c6 4. c4 g6 5. Nc3 Bg7 6. Nf3 O-O 7. Rc1 Bg4 8. h3 Bxf3 9. Qxf3 e6 10. Bd3 Nbd7 11.
O-O Re8 12. Rfd1 Qe7 13. Bh2 e5 14. dxe5 Nxe5 15. Bxe5 Qxe5 16. cxd5 cxd5 17. Bb5 Red8 18. Rd3 a6 19. Ba4 b5 20. Bb3 d4 21. exd4 Qd6 22.
Re1 Ra7 23. Ne4 Nxe4 24. Rxe4 Rad7 25. h4 h5 26. g3 a5 27. a3 a4 28. Ba2 Qb6 29.
Kg2 Qa7 30. Rf4 Rf8 31. g4 hxg4 32. Qxg4 Qb7+ 33. Kg1 Rd6 34. h5 Bh6 35. Rxf7 Rxf7 36. hxg6 Kg7 37. gxf7+ Rg6 38. f8=Q+ Kxf8 39. Qxg6 1-0

[Event "*** SCC Grand Prix: Titled Tuesday Blitz"]
[Site "Chess.com"]
[Date "2020.09.29"]
[Round "7"]
[White "anon569"]
[Black "Alindsay211"]
[Result "0-1"]
[WhiteElo "2249"]
[BlackElo "2401"]
[TimeControl "180+1"]
[EndTime "11:14:55 PDT"]
[Termination "Alindsay211 won on time"]

1. e4 c5 2. Nf3 Nc6 3. d4 cxd4 4. Nxd4 e5 5. Nb5 a6 6. Nd6+ Bxd6 7. Qxd6 Qe7 8. Qd1 Nf6 9. Nc3 d6 10. Bg5 Be6 11.
Bxf6 Qxf6 12. Nd5 Bxd5 13. Qxd5 O-O 14. c3 Ne7 15. Qb3 Qg6 16. f3 b5 17. a4 d5 18. exd5 Rfd8 19. axb5 Qb6 20. Rd1 Qe3+ 21. Be2 axb5 22. d6 Nf5 23. Qc2 Rxd6 24. Rc1 Rad8 25.
Qxf5 Rd2 0-1

[Event "*** SCC Grand Prix: Titled Tuesday Blitz"]
[Site "Chess.com"]
[Date "2020.09.29"]
[Round "7"]
[White "mjray79"]
[Black "ElusiveCat"]
[Result "1-0"]
[WhiteElo "2424"]
[BlackElo "2290"]
[TimeControl "180+1"]
[EndTime "11:14:56 PDT"]
[Termination "mjray79 won by resignation"]

1. d4 Nf6 2. c4 e6 3. g3 c5 4. Bg2 cxd4 5. Nf3 e5 6. O-O Nc6 7. a3 a5 8. Nbd2 Be7 9. b3 O-O 10.
Ne1 d5 11. Nd3 Be6 12. Rb1 a4 13. c5 e4 14. Nf4 Bxc5 15. bxa4 b6 16. Nb3 Qd6 17.
Bb2 Bxa3 18. Nxd4 Bxb2 19. Rxb2 Nxd4 20. Qxd4 Qc5 21. Nxe6 fxe6 22. Qe5 Qc6 23. Bh3 Rfe8 24. Rfb1 Ra6 25. e3 h6 26. Bf1 Raa8 27. Bb5 Qc8 28. Bxe8 Qxe8 29. Rxb6 Qxa4 30. Qxe6+ Kh7 31. Qf5+ Kh8 32.
Rxf6 gxf6 33. Qxf6+ Kg8 34. Qg6+ Kf8 35. Qxh6+ Kg8 36.
Qg6+ Kh8 37. Rb7 Qa1+ 38. Kg2 1-0

[Event "*** SCC Grand Prix: Titled Tuesday Blitz"]
[Site "Chess.com"]
[Date "2020.09.29"]
[Round "7"]
[White "IngOscarArdila"]
[Black "gagtemp"]
[Result "1/2-1/2"]
[WhiteElo "2153"]
[BlackElo "1967"]
[TimeControl "180+1"]
[EndTime "11:14:56 PDT"]
[Termination "Game drawn by repetition"]

1. d4 e6 2. c4 d5 3. cxd5 exd5 4. Nc3 Nf6 5. Bg5 Be7 6. e3 c6 7. Nf3 O-O 8. Bd3 Nbd7 9. O-O Re8 10. Qc2 Nf8 11.
Ne5 g6 12. f4 Ne6 13. Bh4 Ng7 14. h3 Bf5 15. g4 Bxd3 16. Qxd3 Nd7 17. Bg3 f5 18.
Rf3 Bf6 19. Raf1 Re7 20. g5 Bxe5 21. fxe5 Ne6 22. h4 Kg7 23. Ne2 b5 24. Bf4 Ndf8 25. Rh3 Nxf4 26. Nxf4 Ne6 27. Ng2 Qa5 28. a3 Ree8 29. Rg3 b4 30. h5 Rh8 31. Nh4 bxa3 32. bxa3 Rab8 33. Nxf5+ gxf5 34. Qxf5 Rhf8 35. Qxe6 Rxf1+ 36. Kxf1 Rb1+ 37. Kg2 Qd2+ 38. Kh3 Rh1+ 39. Kg4 Qe2+ 40.
Rf3 Rg1+ 41. Kf4 Qh2+ 42. Kf5 Qc2+ 43. Kf4 Qh2+ 44. Kf5 Qc2+ 45. Kf4 Qh2+ 1/2-1/2